 Dungeon Crawl Stone Soup version 0.30-a0-726-gd89dcf765f (webtiles) character file.

Game seed: 6456425037500278174

45 timneilson the Covered (level 3, -3/23 HPs)
             Began as a Gargoyle Fighter on Jan 29, 2023.
             Slain by Sigmund
             ... wielding a +0 scythe
              (7 damage)
             ... on level 2 of the Dungeon.
             The game lasted 00:01:50 (677 turns).

timneilson the Covered (Gargoyle Fighter)            Turns: 677, Time: 00:01:50

Health: -3/23      AC: 12    Str: 21    XL:     3   Next: 64%
Magic:  3/3        EV:  7    Int:  8    God:
Gold:   76         SH:  4    Dex:  9    Spells: 2/2 levels left

rFire   . . .      SeeInvis .    a - +0 long sword
rCold   . . .      Faith    .    c - +0 buckler
rNeg    + . .      Spirit   .    h - +0 chain mail
rPois   ∞          Reflect  .    (no helmet)
rElec   +          Harm     .    (no cloak)
rCorr   .          Rampage  .    (no gloves)
Will    .....                    (no boots) Stlth
                                 (no amulet)
HPRegen 0.23/turn                (no ring)
MPRegen 0.08/turn                (no ring)

@: no status effects
A: sickness immunity, AC +3, negative energy resistance 1, electricity
resistance, torment resistance 1, petrification resistance
a: no special abilities


You were on level 2 of the Dungeon.
You visited 1 branch of the dungeon, and saw 2 of its levels.

You collected 76 gold pieces.

Inventory:

Hand Weapons
 a - a +0 long sword (weapon)
Armour
 c - a +0 buckler (worn)
 h - a +0 chain mail (worn)
Scrolls
 f - a scroll of identify
 g - a scroll of poison
Potions
 b - a potion of lignification
 d - a potion of might
 e - 2 potions of mutation
 i - a potion of flight {unknown}


   Skills:
 + Level 3.5 Fighting
 * Level 2.3 Long Blades
 * Level 3.8 Armour
 + Level 0.4 Dodging
 * Level 3.7 Shields


You had 2 spell levels left.
You didn't know any spells.
Your spell library was empty.

Dungeon Overview and Level Annotations

Branches:
Dungeon (2/15)

Altars:

Annotations:
D:2 Sigmund


Innate Abilities, Weirdness & Mutations

You are immune to sickness and miasma.
Your stone body is resilient. (AC +3)
You are immune to poison.
You resist negative energy. (rN+)
You are resistant to electric shocks. (rElec)
You are resistant to unholy torment.
You are immune to petrification.


Message History

The kobold hits you with a +0 short sword.
You are too injured to fight recklessly!
You are too injured to fight recklessly!
You are too injured to fight recklessly!
You are too injured to fight recklessly!
You are too injured to fight recklessly!
You are too injured to fight recklessly!
You are too injured to fight recklessly!
You are too injured to fight recklessly!
You are too injured to fight recklessly!
You are too injured to fight recklessly!
You are too injured to fight recklessly!
Unknown command.
You closely miss the kobold.
You hear some strange, mumbled words.
You are confused.
The kobold hits you but does no damage.
You barely miss the kobold. Something hits you but does no damage.
The kobold hits you but does no damage. x2
You bump into the stone wall.
You hear some strange, mumbled words.
A puff of flame appears from out of thin air!
The puff of flame hits you.
The kobold hits you with a +0 short sword.
Found 5 stones.
Something hits you. The kobold hits you but does no damage.
Things that are here:
a +0 dagger; 3 stones; a scroll of identify You completely miss something.
Something hits you but does no damage.
The kobold hits you with a +0 short sword.
* * * LOW HITPOINT WARNING * * *
You barely miss something.
You feel less confused. You block the kobold's attack. Something hits you.
* * * LOW HITPOINT WARNING * * *
You miss something. The kobold closely misses you.
Something hits you but does no damage.
The kobold hits you with a +0 short sword.
* * * LOW HITPOINT WARNING * * *
You miss something. The kobold barely misses you. Something hits you!
You die...

...........#
###.......##
###.####.##
...####.# .
##..#)...#
...
#..#.####
....###..#.#
....[......#
.......@K#.#
~.....{..###
.~.......#
.~..~~...~
~..~..~..~~
~.⌠~..~..~~#
..~⌠.~...~~#
.(~..~..~~~#


You could see a kobold.

Vanquished Creatures
  2 dart slugs (D:1)
  5 ball pythons
  An endoplasm (D:2)
  A giant cockroach (D:1)
  4 goblins (D:1)
  5 hobgoblins (D:1)
  3 jackals (D:1)
  3 kobolds
  2 quokkas (D:1)
  5 bats
  3 frilled lizards (D:1)
  3 rats
37 creatures vanquished.

Notes
Turn   | Place    | Note
-------+----------+-------------------------------------------
     0 | D:1      | timneilson the Gargoyle Fighter began the quest for the
                  | Orb.
     0 | D:1      | Reached XP level 1. HP: 14/14 MP: 1/1
    83 | D:1      | Reached XP level 2. HP: 19/19 MP: 2/2
   246 | D:1      | Reached XP level 3. HP: 8/23 MP: 3/3
   662 | D:2      | Noticed Sigmund
   677 | D:2      | Slain by Sigmund

Illustrated notes

Levels and vault maps discovered:
D:1:      amcnicky_arrival_flooded_fountain, layout_basic
D:2:      cheibrodos_helix_gallery, layout_loops_ring,
          hellmonk_ecumenical_altar_slurped_away, minmay_misc_feat_cross,
          chequers_serial_rivers_large_a, uniq_sigmund

Skill      XL: |  1 |
---------------+----+-----
Long Blades    | 2 |  2.3
Fighting       | |  3.5
Armour         | |  3.8
Dodging        | |  0.4
Shields        | |  3.7

Action                     || total
---------------------------++-------
  Melee: Long sword        ||   107
    Use: Scroll            ||     4
 Armour: Scale mail        ||    38
         Chain mail        ||    78
  Dodge: Dodged            ||    52
  Block: Buckler           ||    32

Table legend: (Time is in decaauts)
 A = Elapsed time spent in this place.
 B = Non-inter-level travel time spent in this place.
 C = Inter-level travel time spent in this place.
 D = Time resting spent in this place.
 E = Time spent auto-exploring this place.
 F = Levels seen in this place.
 G = Mean time per level.
                   A        B        C        D        E       F      G
               +--------+--------+--------+--------+--------+-----+--------+
         Total |    711 |    699 |     12 |      0 |    446 |   2 |  355.5 |
       Dungeon |    711 |    699 |     12 |      0 |    446 |   2 |  355.5 |
               +--------+--------+--------+--------+--------+-----+--------+

Top non-repeatable levels by time:
     D:1: 657 daAuts
     D:2: 53 daAuts
